 Dungeon Crawl Stone Soup version 0.19-a0-526-gbe2e51c (webtiles) character file.

10195 DungeonMaster the Fighter (level 11, -1/92 HPs)
             Began as a Demonspawn Monk on June 7, 2016.
             Was an Initiate of Gozag.
             Killed from afar by an orc (9 damage)
             ... with a wand of acid
             ... on level 10 of the Dungeon.
             The game lasted 00:39:25 (12219 turns).

DungeonMaster the Fighter (Demonspawn Monk)        Turns: 12219, Time: 00:39:25

Health: -1/92      AC: 32    Str: 16    XL:     11   Next: 33%
Magic:  11/11      EV:  5    Int: 13    God:    Gozag
Gold:   1212       SH:  0    Dex: 17    Spells: 0 memorised, 10 levels left

rFire  + + .     SeeInvis .     a - +2 dagger (venom)
rCold  + + .     Gourm    .     r - +9 armour of the Dragon King {rPois rF+ rC+ MR+}
rNeg   . . .     Faith    .     (no shield)
rPois  +         Spirit   .     (helmet restricted)
rElec  .         Dismiss  .     l - +2 cloak
rCorr  .         Reflect  .     E - +0 pair of gloves
SustAt .         Harm     .     (no boots)
MR     +....                    (no amulet)
Stlth  ..........               n - ring of protection from fire
                                e - ring of protection from cold

@: corroded, somewhat resistant to hostile enchantments, extremely unstealthy
A: hooves 1, horns 2, iridescent scales 2, agile 1, nightstalker 2, strong 1,
rot immunity
a: Potion Petition, Call Merchant, Bribe Branch, Renounce Religion


You were on level 10 of the Dungeon.
You worshipped Gozag.
Gozag was noncommittal.
You were full.

You visited 4 branches of the dungeon, and saw 14 of its levels.

You collected 2700 gold pieces.
You spent 63 gold pieces at shops.
You paid 1425 gold pieces to Gozag.

Inventory:

Hand Weapons
 a - a +2 dagger of venom (weapon)
 s - a +4 short sword of speed
Missiles
 c - 96 bolts
 d - 206 arrows
 f - 343 stones
 i - 3 silver tomahawks (quivered)
 k - 55 poisoned needles
 o - 19 sling bullets
 v - 28 tomahawks
 x - a throwing net
 y - 8 needles of confusion
Armour
 l - a +2 cloak (worn)
 r - the +9 armour of the Dragon King (worn) {rPois rF+ rC+ MR+}
   (You found it on level 6 of the Dungeon)

   It protects you from fire.
   It protects you from cold.
   It protects you from poison.
   It affects your resistance to hostile enchantments.
 E - a +0 pair of gloves (worn)
Jewellery
 e - a ring of protection from cold (left hand)
 n - a ring of protection from fire (right hand)
Wands
 m - a wand of acid (1/15)
 t - a wand of lightning (4/15)
 w - a wand of lightning (1/15)
Scrolls
 g - 9 scrolls of identify
 j - a scroll of remove curse
 p - a scroll of teleportation
 u - a scroll of fear
 B - 3 scrolls of immolation
Potions
 h - a potion of invisibility
 q - a potion of brilliance
 z - a potion of berserk rage
 A - a potion of curing
 C - 2 potions of magic
 D - a potion of heal wounds
Comestibles
 b - 6 bread rations


   Skills:
 * Level 10.7 Fighting
 * Level 9.4 Armour
 * Level 10.0 Dodging
 - Level 1.7 Stealth
 - Level 3.6 Unarmed Combat


You had 10 spell levels left.
You didn't know any spells.

Dungeon Overview and Level Annotations

Branches:
Dungeon (10/15)            Temple (1/1) D:6            Lair (1/8) D:8
    Orc (2/2) D:9             Elf (0/3) Orc:2

Altars:
Ashenzari
Cheibriados
Dithmenos
Elyvilon
Fedhas
Gozag
Hepliaklqana
Kikubaaqudgha
Makhleb
Nemelex Xobeh
Okawaru
Pakellas
Qazlal
Ru
Sif Muna
Trog
Uskayaw
Vehumet
Xom
Yredelemnul
Zin
The Shining One

Shops:
D:4 *   D:6 [   D:7 =

Annotations:
Orc:2 tstbtto's ghost, journeyman MiBe


Innate Abilities, Weirdness & Mutations

You have a pair of horns on your head.
You are mostly covered in iridescent scales. (AC +6)
You are significantly more attuned to the shadows.
You are immune to rotting.
You have large cloven feet.
You are agile. (Dex +2)
Your muscles are strong. (Str +2)


Message History

The bolt of acid hits you! The acid corrodes you!
The acid burns!
* * * LOW HITPOINT WARNING * * *
The crimson imp barely misses you.
Things that are here:
7 gold pieces; an enchanted battleaxe; a robe You hit the orc.
You kick the orc, but do no damage.
The orc is moderately wounded.
The crimson imp hits you but does no damage.
The orc zaps a wand.
The bolt of acid hits you!
The acid burns!
* * * LOW HITPOINT WARNING * * *
Wield which item (- for none, * to show all)? (? for menu, Esc to quit)
Your +2 dagger of venom begins to drip with poison!
a - a +2 dagger of venom (weapon)
You hit the orc but do no damage.
The orc is poisoned.
You headbutt the orc, but do no damage.
The orc is moderately wounded.
The crimson imp hits you but does no damage.
The orc zaps a wand.
The bolt of acid hits you!
You die...
Your body crumbles into a pile of gold.

.....## ......# ###
......# #.########
......# #........#
......# #.######.#
......####.#....#.#
.....o)5$.>.z...#.#
#####.####$#5####)#
#.#...$.$o@.#.#
#.#.##.#.##$#.# #.#
#.#....#.# #.#
#.######.##### #.#
#.........<# #.#
#.####.##### #.#
#......# ########


You could see a crimson imp and an orc.

Vanquished Creatures
  A hydra (D:8)
  An orc knight (D:9)
  A deep elf mage (D:8)
  A komodo dragon (D:8)
  2 trolls
  Grinder (D:6)
  A wyvern (D:10)
  Eustachio (D:5)
  3 yaks (D:9)
  Edmund (D:6)
  2 hippogriffs
  A hungry ghost (D:7)
  Duvessa (D:6)
  2 porcupines
  An eye of draining (D:8)
  2 ice beasts
  7 orc warriors
  A black bear (D:9)
  A wasp (D:10)
  4 sky beasts
  10 ogres
  3 phantoms
  3 crocodiles (D:8)
  4 centaurs
  A big kobold (D:8)
  6 giant frogs
  A water moccasin zombie (D:5)
  5 scorpions
  3 killer bees (D:7)
  Dowan (D:6)
  3 wights (D:10)
  5 howler monkeys
  5 centaur zombies
  3 crimson imps
  2 giant frog zombies
  3 hounds
  3 jellies
  9 orc wizards
  5 orc priests
  A centaur skeleton (D:6)
  3 giant frog skeletons
  3 iguanas
  10 worker ants
  8 sheep (D:8)
  A hound zombie (D:8)
  A hound skeleton (D:8)
  A worker ant zombie (D:5)
  8 gnolls
  A howler monkey skeleton (D:5)
  6 adders
  11 river rats
  2 oozes
  An adder zombie (D:9)
  An adder skeleton (D:7)
  4 worms
  3 dart slugs
  6 giant geckos
  41 orcs
  4 ball pythons
  5 bats
  6 giant cockroaches
  5 goblins
  7 hobgoblins
  16 jackals
  8 quokkas
  A giant gecko skeleton (D:7)
  6 giant newts
  7 kobolds
  A quokka skeleton (D:4)
  8 rats
296 creatures vanquished.

Vanquished Creatures (others)
  A hippogriff (D:6)
  An orc (D:10)
  A fungus (D:8)
  6 plants (D:8)
9 creatures vanquished.

Grand Total: 305 creatures vanquished

Notes
Turn   | Place    | Note
--------------------------------------------------------------
     0 | D:1      | DungeonMaster the Demonspawn Monk began the quest for the Orb.
     0 | D:1      | Reached XP level 1. HP: 18/18 MP: 1/1
   324 | D:1      | Gained mutation: You have a pair of small horns on your head. [demonic ancestry]
   324 | D:1      | Reached XP level 2. HP: 24/24 MP: 2/2
   955 | D:1      | Reached XP level 3. HP: 29/29 MP: 3/3
  1272 | D:2      | Reached skill level 1 in Armour
  2270 | D:3      | Gained mutation: You are immune to rotting. [demonic ancestry]
  2270 | D:3      | Reached XP level 4. HP: 30/37 MP: 4/4
  2841 | D:4      | Noticed a phantom
  2919 | D:4      | Killed a phantom
  2919 | D:4      | Gained mutation: You have a pair of horns on your head. [demonic ancestry]
  2919 | D:4      | Reached XP level 5. HP: 13/43 MP: 5/5
  3253 | D:4      | Noticed an ogre
  3254 | D:4      | Reached XP level 6. HP: 47/49 MP: 6/6
  3671 | D:4      | Found Pyci Pen's General Store.
  3674 | D:4      | Bought a potion of degeneration for 11 gold pieces
  3674 | D:4      | Bought a scroll of identify for 22 gold pieces
  3778 | D:4      | Reached skill level 5 in Fighting
  4038 | D:4      | Reached skill level 5 in Dodging
  4038 | D:4      | Reached XP level 7. HP: 29/56 MP: 7/7
  4327 | D:5      | Entered Level 5 of the Dungeon
  4862 | D:5      | Noticed Eustachio
  5197 | D:5      | Killed Eustachio
  5239 | D:5      | Gained mutation: You are partially covered in iridescent scales. (AC +4) [demonic ancestry]
  5239 | D:5      | Reached XP level 8. HP: 38/64 MP: 8/8
  5450 | D:5      | Gained mutation: You evolve. [potion of mutation]
  5450 | D:5      | Gained mutation: Your muscles are strong. (Str +2) [potion of mutation]
  5450 | D:5      | Gained mutation: You are frail. (-10% HP) [potion of mutation]
  5595 | D:6      | Noticed Dowan
  5600 | D:6      | Noticed Duvessa
  5615 | D:6      | Killed Dowan
  5776 | D:7      | Reached skill level 5 in Armour
  6054 | D:6      | Found a staircase to the Ecumenical Temple.
  6104 | Temple   | Entered the Ecumenical Temple
  6121 | Temple   | Became a worshipper of Gozag Ym Sagoz the Greedy
  6261 | D:6      | Noticed Edmund
  6275 | D:6      | Killed Edmund
  6360 | D:6      | Killed Duvessa
  6833 | D:6      | Gained mutation: You are slightly more attuned to the shadows. [demonic ancestry]
  6833 | D:6      | Reached XP level 9. HP: 56/64 MP: 9/9
  6886 | D:6      | Identified a scroll of acquirement
  6957 | D:6      | Noticed Grinder
  6974 | D:6      | Killed Grinder
  7217 | D:6      | Found an oddly glowing altar of Pakellas.
  7217 | D:6      | Noticed an orange crystal statue
  8063 | D:7      | Gained mutation: You have large cloven feet. [evolution]
  8365 | D:8      | Found a staircase to the Lair.
  8395 | D:8      | Gained mutation: You are significantly more attuned to the shadows. [demonic ancestry]
  8395 | D:8      | Reached XP level 10. HP: 53/73 MP: 10/10
  8658 | D:8      | Noticed a deep elf mage
  8697 | D:8      | Killed a deep elf mage
  8805 | D:8      | Noticed a six-headed hydra
  8886 | D:7      | Bought a cursed -2 ring of strength for 30 gold pieces
  9066 | D:8      | Killed a six-headed hydra
  9533 | D:8      | Lost mutation: You are frail. (-10% HP) [evolution]
  9673 | D:8      | Found a glowing golden altar of the Shining One.
  9978 | Lair:1   | Entered Level 1 of the Lair of Beasts
 10059 | Lair:1   | Noticed a seven-headed hydra
 10149 | D:9      | Found a staircase to the Orcish Mines.
 10209 | D:9      | Reached skill level 10 in Fighting
 10642 | D:9      | Found a blossoming altar of Fedhas.
 10722 | D:9      | Gained mutation: You are agile. (Dex +2) [evolution]
 10722 | D:9      | Lost mutation: You evolve. [end of evolution]
 10780 | D:9      | Gained mutation: You are mostly covered in iridescent scales. (AC +6) [demonic ancestry]
 10780 | D:9      | Reached XP level 11. HP: 91/91 MP: 11/11
 10831 | Orc:1    | Entered Level 1 of the Orcish Mines
 11432 | Orc:1    | Noticed an orc knight
 11688 | D:9      | Killed an orc knight
 11784 | Orc:2    | Entered Level 2 of the Orcish Mines
 11826 | Orc:2    | Found a staircase to the Elven Halls.
 11838 | Orc:2    | Noticed tstbtto's ghost (journeyman MiBe)
 12037 | D:10     | Entered Level 10 of the Dungeon
 12157 | D:10     | Reached skill level 10 in Dodging
 12219 | D:10     | Killed from afar by an orc

Vault maps used:
D:1:      dpeg_arrival_chase, serial_bayou_pond_e
D:3:      first_bread, serial_bayou_pond_d
D:4:      serial_shops, kennysheep_mini_moat, bh_walls_and_bars
D:5:      uniq_eustachio
D:6:      minmay_temple_entry_junction, gammafunk_pakellas_statue_experiment,
          uniq_duvessa, uniq_edmund, uniq_grinder
D:7:      grunt_ogre_cave
D:8:      hangedman_cross_stitches, overflow_temple_1_default,
          minmay_lair_entry_grove
D:9:      fedhas_altar_1
D:10:     serial_shops, shop
Temple:   dpeg_circular_temple_20
Lair:1:   grunt_megastairs_1
Orc:1:    nicolae_orc_tapped_out
Orc:2:    grunt_orc_community_town_hall, grunt_orc_community_big_house_1,
          grunt_orc_community_big_house_1, grunt_orc_community_house_2,
          grunt_orc_community_house_2, grunt_orc_community_house_3,
          grunt_orc_community_house_2, grunt_orc_community_house_3,
          grunt_orc_community_house_2, serial_shops,
          nicolae_shop_overgrown_old_shop

Skill      XL: |  1  2  3  4  5  6  7  8  9 10 11 |
---------------+----------------------------------+-----
Dodging        | 3 4 5 6 8 9 10 | 10.0
Armour         | 1 2 3 4 6 7 8 9 |  9.4
Fighting       | 4 5 6 7 8 10 | 10.7
Stealth        | |  1.7
Unarmed Combat | |  3.6

Action                   |  1- 3 |  4- 6 |  7- 9 | 10-12 || total
-------------------------+-------+-------+-------+-------++-------
Melee: Unarmed           |   110 |    35 |       |       ||   145
       Headbutt          |    18 |    27 |   110 |   159 ||   314
       Dagger            |    20 |   119 |   429 |   508 ||  1076
       Punch             |     3 |     3 |     7 |     6 ||    19
       Short sword       |       |       |    85 |   124 ||   209
       Kick              |       |       |    59 |   221 ||   280
Throw: Tomahawk          |       |     1 |       |       ||     1
Invok: Call Merchant     |       |       |     1 |     1 ||     2
Evoke: Wand              |       |       |     4 |     3 ||     7
  Use: Scroll            |     6 |     2 |     5 |     6 ||    19
       Potion            |     2 |     3 |     2 |     2 ||     9
 Stab: Sleeping          |     3 |       |     2 |       ||     5
       Distracted        |       |     1 |     2 |     2 ||     5
  Eat: Chunk             |     4 |     6 |     8 |       ||    18
       Royal jelly       |       |       |     3 |     1 ||     4
       Beef jerky        |       |       |     1 |     6 ||     7
       Bread ration      |       |       |     4 |     1 ||     5
       Fruit             |       |       |       |     4 ||     4
Armor: Robe              |     2 |       |       |       ||     2
       Ring mail         |    15 |       |       |       ||    15
       Scale mail        |    20 |     4 |       |       ||    24
       Leather armour    |       |    22 |    67 |       ||    89
       Gold dragon armou |       |       |   241 |   634 ||   875
Dodge: Dodged            |    57 |    90 |   250 |   182 ||   579
